 Dungeon Sprint DCSS version 0.16-a0-1243-g6e0463c (webtiles) character file.

12359 Ololoev the Shatterer (level 11, 0/118 HPs)
             Began as an Ogre Hunter on Oct 13, 2014.
             Was a High Priest of Okawaru.
             Slain by a 12-headed hydra (18 damage)
             ... in the Dungeon (Sprint I: "Red Sonja").
             The game lasted 00:16:27 (3443 turns).

Ololoev the Shatterer (Ogre Hunter)                 Turns: 3443, Time: 00:16:27

Health: 0/118      AC:  4    Str: 18    XL:     11   Next: 92%
Magic:  19/19      EV: 14    Int:  8    God:    Okawaru [*****.]
Gold:   13         SH:  0    Dex: 12    Spells: 0 memorised, 10 levels left

rFire  . . .     SeeInvis .     m - +0 giant spiked club
rCold  . . .     Clarity  .     d - +1 animal skin
rNeg   . . .     SustAb   .     (shield restricted)
rPois  .         Gourm    .     u - +1 hat {MR+}
rElec  .         Spirit   .     (no cloak)
rCorr  .         Warding  .     (gloves unavailable)
rMut   .         NoTele   +     (boots unavailable)
MR     ++...                    (no amulet)
Stlth  +.........               (no ring)
                                (no ring)

@: very slightly contaminated, very resistant to hostile enchantments, very
unstealthy
A: unfitting armour, blurry vision 1, deformed body, dopey 1, frail 1, low mp 1,
screaming 1, spit poison 1, tough skin 1, weak 1
a: Spit Poison, Heroism, Finesse, Renounce Religion


You were in the Dungeon.
You worshipped Okawaru.
Okawaru was extremely pleased with you.
You were not hungry.

You visited 1 branch You collected 1205 gold pieces.
You spent 1192 gold pieces at shops.

Inventory:

Hand weapons
 m - a +0 giant spiked club (weapon)
Missiles
 c - 2 throwing nets
 l - 10 large rocks (quivered)
 q - 7 javelins of penetration
Armour
 d - a +1 animal skin (worn)
 u - a +1 hat of magic resistance (worn)
Magical devices
 b - a wand of fireball (0)
 f - a wand of confusion (26)
 p - a wand of fire (0)
Scrolls
 a - 2 scrolls of identify
 k - a scroll of blinking
 n - a scroll of remove curse
 o - 2 scrolls of immolation
 s - a scroll of fear {unknown}
 t - a scroll of recharging
Potions
 e - 3 potions of curing
 g - a potion of heal wounds
 h - a potion of haste
 i - 2 potions of magic
 j - a potion of berserk rage
 r - 2 potions of agility
 v - a potion of flight
 w - 2 potions of might
Comestibles
 z - a bread ration


   Skills:
 + Level 15.1 Fighting
 - Level 21.7 Maces & Flails
 - Level 16.0 Throwing
 * Level 10.0 Dodging
 - Level 0.7 Stealth
 + Level 8.1 Invocations


You had 10 spell levels left.
You didn't know any spells.

Dungeon Overview and Level Annotations

Branches:
Dungeon (1/1)

Altars:
Cheibriados
Dithmenos
Elyvilon
Fedhas
Gozag
Kikubaaqudgha
Makhleb
Nemelex Xobeh
Okawaru
Qazlal
Sif Muna
Trog
Vehumet
Xom
Yredelemnul
Zin
The Shining One
Jiyva

Shops:
D (*%?!%([[=([[!?:!(*[[


Innate Abilities, Weirdness & Mutations

You are too large for most types of armour.
You have tough skin (AC +1).
Your vision is a little blurry.
Armour fits poorly on your strangely shaped body.
You are dopey. (Int -2)
You are frail (-10% HP).
Your magical capacity is low (-10% MP).
You occasionally shout uncontrollably at your foes.
You can spit poison.
You are weak. (Str -2)


Message History

Press: ? - help, Shift-Dir - straight line, f/p - 12-headed hydra
Aim: a 12-headed hydra (moderately wounded)
The bolt of fire misses the 12-headed hydra.
You wasted at least one charge getting the wand working.
Evoke which item? (* to show all) (? for menu, Esc to quit)
Zapping:
b - a wand of fireball (will waste charges)
Press: ? - help, Shift-Dir - straight line, f/p - 12-headed hydra
Aim: a 12-headed hydra (moderately wounded)
The fireball explodes!
The fireball engulfs the 12-headed hydra.
The 12-headed hydra is moderately wounded.
You wasted at least one charge getting the wand working.
Evoke which item? (* to show all) (? for menu, Esc to quit)
Zapping:
b - a wand of fireball {zapped: 2} (will waste charges)
Press: ? - help, Shift-Dir - straight line, f/p - 12-headed hydra
Aim: a 12-headed hydra (moderately wounded) Nothing appears to happen.
The 12-headed hydra bites you!
* * * LOW HITPOINT WARNING * * *
The 12-headed hydra bites you!!
You die...

#################################
.'..#..(..#__#..@D).#§.#§...'§.§.
)#..').#..'..'..#...##'#§####§§§.
###'#####'#__####..['§§#§#,*##§§§
##..#...#)####§(#####§§'§#+*,###+
_####..##(#§≈§§§#..##+####,,,*,*,
..._##'#..'§§§§§§§§#,,,,,*,,,***,
.∩...'..._#≈§§.§#§§#,,,,,+,,,,,**
..._##_.#'##§#####§###,,,*,,,,,*,
____###'#(#.§((###.'.#,,,***++**,


You could see a 12-headed hydra.

Vanquished Creatures
  2 centaur warriors (D)
  2 unseen horrors (D)
  A deep troll (D)
  A lindwurm (D)
  An oklob plant (D)
  8 shining eyes (D)
  2 kobold demonologists (D)
  4 demonic crawlers (D)
  Sonja (D)
  A slime creature (D)
  4 trapdoor spiders (D)
  A yak (D)
  13 hogs (D)
  A yellow wasp (D)
  An ogre (D)
  7 necrophages (D)
  Sigmund (D)
  8 jellies (D)
  Ijyb (D)
  6 giant eyeballs (D)
  2 ballistomycetes (D)
68 creatures vanquished.

Vanquished Creatures (others)
  A gargoyle (D)
  2 giant spores (D)
3 creatures vanquished.

Grand Total: 71 creatures vanquished

Notes
Turn   | Place    | Note
--------------------------------------------------------------
     0 | D        | Ololoev, the Ogre Hunter, began the quest for the Orb.
     0 | D        | Reached XP level 1. HP: 22/22 MP: 1/1
     1 | D        | Noticed Ijyb
    44 | D        | Killed Ijyb
    44 | D        | Reached skill level 7 in Throwing
    44 | D        | Reached XP level 2. HP: 6/29 MP: 2/2
   195 | D        | Killed a gargoyle
   302 | D        | Noticed an ogre
   304 | D        | Killed an ogre
   304 | D        | Reached skill level 10 in Throwing
   304 | D        | Reached XP level 3. HP: 36/36 MP: 3/3
   304 | D        | Reached XP level 4. HP: 44/44 MP: 4/4
   316 | D        | Noticed Sigmund
   320 | D        | Killed Sigmund
   320 | D        | Reached skill level 12 in Throwing
   320 | D        | Reached XP level 5. HP: 50/50 MP: 5/5
   330 | D        | Found a deep blue altar of Sif Muna.
   331 | D        | Noticed a jelly
   332 | D        | Found a radiant altar of Vehumet.
   333 | D        | Killed a jelly
   340 | D        | Found Khatwics' Magic Scroll Emporium.
   340 | D        | Found a white marble altar of Elyvilon.
   340 | D        | Found a burning altar of Makhleb.
   340 | D        | Found a glowing golden altar of the Shining One.
   340 | D        | Found an opulent altar of Gozag.
   340 | D        | Found a glowing silver altar of Zin.
   340 | D        | Noticed a yak
   347 | D        | Killed a yak
   347 | D        | Reached skill level 14 in Throwing
   347 | D        | Reached XP level 6. HP: 41/59 MP: 6/6
   348 | D        | Found a stormy altar of Qazlal.
   348 | D        | Found a basalt altar of Yredelemnul.
   348 | D        | Found an iron altar of Okawaru.
   348 | D        | Found a sparkling altar of Nemelex Xobeh.
   348 | D        | Found a shimmering altar of Xom.
   348 | D        | Found an ancient bone altar of Kikubaaqudgha.
   350 | D        | Found a bloodstained altar of Trog.
   353 | D        | Became a worshipper of Warmaster Okawaru
   374 | D        | Acquired Okawaru's first power
   426 | D        | Bought a scroll of identify for 26 gold pieces
   426 | D        | Bought a scroll of identify for 26 gold pieces
   426 | D        | Bought a scroll of remove curse for 39 gold pieces
   426 | D        | Bought a scroll of blinking for 97 gold pieces
   426 | D        | Bought a scroll of immolation for 45 gold pieces
   426 | D        | Bought a scroll of immolation for 45 gold pieces
   445 | D        | Found a viscous altar of Jiyva.
   445 | D        | Found a blossoming altar of Fedhas.
   445 | D        | Noticed a slime creature
   446 | D        | Found a snail-covered altar of Cheibriados.
   446 | D        | Found a shadowy altar of Dithmenos.
   449 | D        | Killed a slime creature
   449 | D        | Reached skill level 16 in Throwing
   449 | D        | Reached XP level 7. HP: 43/66 MP: 7/7
   589 | D        | Bought a scroll of enchant armour for 97 gold pieces
   608 | D        | Noticed a kobold demonologist
   609 | D        | Killed a kobold demonologist
   611 | D        | Noticed a kobold demonologist
   617 | D        | Noticed a hellwing
   618 | D        | Killed a kobold demonologist
   618 | D        | Reached XP level 8. HP: 74/74 MP: 6/8
   662 | D        | Noticed a centaur warrior
   663 | D        | Noticed a centaur warrior
   671 | D        | Killed a centaur warrior
   671 | D        | Reached skill level 15 in Maces & Flails
   671 | D        | Reached XP level 9. HP: 44/80 MP: 9/9
   848 | D        | Noticed a trapdoor spider
   850 | D        | Killed a trapdoor spider
   854 | D        | Noticed a yellow wasp
   857 | D        | Killed a yellow wasp
   976 | D        | Noticed a deep troll
   985 | D        | Killed a deep troll
   985 | D        | Reached skill level 17 in Maces & Flails
  1005 | D        | Found Ghapnud's Armour Emporium.
  1005 | D        | Noticed Sonja
  1013 | D        | Killed Sonja
  1303 | D        | Found Shobuyps' Weapon Boutique.
  1305 | D        | Noticed a shining eye
  1306 | D        | Gained mutation: You occasionally shout uncontrollably at your foes. [a shining eye]
  1329 | D        | Killed a shining eye
  1329 | D        | Reached skill level 18 in Maces & Flails
  1337 | D        | Noticed a shining eye
  1337 | D        | Noticed a shining eye
  1338 | D        | Noticed a shining eye
  1338 | D        | Noticed a shining eye
  1338 | D        | Noticed a shining eye
  1339 | D        | Noticed a shining eye
  1339 | D        | Gained mutation: You are frail (-10% HP). [a shining eye]
  1340 | D        | Gained mutation: Your body is slowly deteriorating. [a shining eye]
  1340 | D        | Paralysed by a giant eyeball for 3 turns
  1343 | D        | Gained mutation: Your magical capacity is low (-10% MP). [a shining eye]
  1346 | D        | Gained mutation: You are dopey. (Int -2) [a shining eye]
  1361 | D        | Killed a shining eye
  1361 | D        | Reached XP level 10. HP: 91/95 MP: 9/9
  1365 | D        | Killed a shining eye
  1365 | D        | Reached skill level 19 in Maces & Flails
  1365 | D        | Gained mutation: You can spit poison. [a shining eye]
  1370 | D        | Killed a centaur warrior
  1370 | D        | Reached skill level 10 in Fighting
  1370 | D        | Reached skill level 20 in Maces & Flails
  1372 | D        | Gained mutation: Armour fits poorly on your strangely shaped body. [a shining eye]
  1374 | D        | Killed a shining eye
  1376 | D        | Killed a shining eye
  1376 | D        | Gained mutation: Your magical capacity is very low (-20% MP). [a shining eye]
  1380 | D        | Killed a shining eye
  1380 | D        | Acquired Okawaru's second power
  1380 | D        | Reached skill level 21 in Maces & Flails
  1380 | D        | Lost mutation: Your body is slowly deteriorating. [a shining eye]
  1384 | D        | Killed a shining eye
  1384 | D        | Received a gift from Okawaru
  1409 | D        | Noticed a shining eye
  1410 | D        | Paralysed by a giant eyeball for 2 turns
  1411 | D        | Gained mutation: Your vision is a little blurry. [a shining eye]
  1413 | D        | Lost mutation: Your magical capacity is very low (-20% MP). [a shining eye]
  1416 | D        | Gained mutation: You are weak. (Str -2) [a shining eye]
  1417 | D        | Killed a shining eye
  1420 | D        | Found Shrowu's Food Emporium.
  1420 | D        | Found Irae's Food Boutique.
  1536 | D        | Found Azalahol's Assorted Antiques.
  1537 | D        | Found Lonihukuobb's Distillery.
  1541 | D        | Bought a short iron wand for 100 gold pieces
  1541 | D        | Bought a golden potion for 22 gold pieces
  1541 | D        | Bought a scroll labeled GUANAU NETIWIO for 25 gold pieces
  1541 | D        | Bought 2 scrolls labeled GUANAU NETIWIO for 50 gold pieces
  1541 | D        | Bought a scroll labeled XEEPA PEQEM for 25 gold pieces
  1541 | D        | Bought a sedimented orange potion for 22 gold pieces
  1542 | D        | Bought a scroll of identify for 50 gold pieces
  1554 | D        | Bought a potion of poison for 12 gold pieces
  1554 | D        | Bought a potion of lignification for 24 gold pieces
  1554 | D        | Bought a potion of might for 30 gold pieces
  1590 | D        | Noticed an oklob plant
  1597 | D        | Killed an oklob plant
  1597 | D        | Reached XP level 11. HP: 52/111 MP: 9/12
  1812 | D        | Noticed a trapdoor spider
  1815 | D        | Killed a trapdoor spider
  1888 | D        | Noticed a trapdoor spider
  1896 | D        | Killed a trapdoor spider
  1903 | D        | Killed an unseen horror
  1903 | D        | Received a gift from Okawaru
  1903 | D        | Reached skill level 5 in Dodging
  2014 | D        | Noticed a trapdoor spider
  2017 | D        | Killed a trapdoor spider
  2243 | D        | Noticed a jelly
  2243 | D        | Noticed a jelly
  2243 | D        | Noticed a jelly
  2243 | D        | Noticed a jelly
  2254 | D        | Killed a jelly
  2256 | D        | Killed a jelly
  2262 | D        | Noticed a jelly
  2262 | D        | Noticed a jelly
  2262 | D        | Noticed a jelly
  2269 | D        | Killed a jelly
  2271 | D        | Killed a jelly
  2273 | D        | Killed a jelly
  2399 | D        | Killed a jelly
  2403 | D        | Noticed a necrophage
  2404 | D        | Noticed a necrophage
  2404 | D        | Noticed a necrophage
  2442 | D        | Killed an unseen horror
  2442 | D        | Reached skill level 5 in Invocations
  2446 | D        | Killed a necrophage
  2448 | D        | Killed a necrophage
  2452 | D        | Killed a necrophage
  2603 | D        | Noticed a necrophage
  2604 | D        | Noticed a necrophage
  2604 | D        | Noticed a necrophage
  2604 | D        | Noticed a necrophage
  2608 | D        | Killed a necrophage
  2611 | D        | Killed a necrophage
  2613 | D        | Killed a necrophage
  2618 | D        | Killed a necrophage
  2619 | D        | Found Ryf Scho's Antique Weapon Boutique.
  2619 | D        | Found Kluphaosm's Armour Shoppe.
  2619 | D        | Found Ymeijih's General Store.
  2622 | D        | Found Ocynk's Weapon Shop.
  2622 | D        | Found Cror's Armour Boutique.
  2624 | D        | Found Ofuacoott's Armour Emporium.
  2628 | D        | Killed a jelly
  2644 | D        | Found Dyf Lust's Jewellery Emporium.
  2644 | D        | Found Mnashrue's Weapon Shop.
  2644 | D        | Found Ifeel's Antique Armour Shoppe.
  2644 | D        | Found Kab Kle's Armour Boutique.
  2644 | D        | Found Ygolohy's Distillery.
  2644 | D        | Found Treaneat's Magic Scroll Shop.
  2644 | D        | Found Phoix's Book Shoppe.
  2644 | D        | Found Daeweecs' Distillery.
  2653 | D        | Bought a +1 hat of magic resistance for 176 gold pieces
  2660 | D        | Bought a potion of heal wounds for 42 gold pieces
  2665 | D        | Bought a scroll of magic mapping for 35 gold pieces
  2672 | D        | Bought a potion of might for 30 gold pieces
  2672 | D        | Bought a potion of flight for 36 gold pieces
  2713 | D        | Noticed a demonic crawler
  2713 | D        | Noticed a demonic crawler
  2713 | D        | Noticed a demonic crawler
  2713 | D        | Noticed a demonic crawler
  2715 | D        | Killed a demonic crawler
  2720 | D        | Killed a demonic crawler
  2723 | D        | Killed a demonic crawler
  2730 | D        | Killed a demonic crawler
  2730 | D        | Received a gift from Okawaru
  2991 | D        | Noticed a lindwurm
  2997 | D        | Killed a lindwurm
  3046 | D        | Bought a slice of pizza for 18 gold pieces
  3046 | D        | Bought a bread ration for 60 gold pieces
  3046 | D        | Bought a bread ration for 60 gold pieces
  3093 | D        | Noticed a hog
  3093 | D        | Noticed a hog
  3093 | D        | Noticed a hog
  3093 | D        | Noticed a hog
  3093 | D        | Noticed a hog
  3094 | D        | Noticed a hog
  3094 | D        | Noticed a hog
  3094 | D        | Noticed a hog
  3094 | D        | Noticed a hog
  3094 | D        | Noticed a hog
  3095 | D        | Killed a hog
  3096 | D        | Killed a hog
  3099 | D        | Killed a hog
  3101 | D        | Noticed a hog
  3104 | D        | Killed a hog
  3107 | D        | Killed a hog
  3110 | D        | Killed a hog
  3115 | D        | Killed a hog
  3116 | D        | Noticed a hog
  3120 | D        | Killed a hog
  3122 | D        | Killed a hog
  3129 | D        | Killed a hog
  3129 | D        | Reached skill level 15 in Fighting
  3131 | D        | Killed a hog
  3133 | D        | Killed a hog
  3133 | D        | Reached skill level 10 in Dodging
  3143 | D        | Noticed a hog
  3151 | D        | Killed a hog
  3423 | D        | Noticed a 12-headed hydra
  3443 | D        | Slain by a 12-headed hydra

Action                   |  1- 3 |  4- 6 |  7- 9 | 10-12 || total
-------------------------+-------+-------+-------+-------++-------
Melee: Club              |    36 |       |       |       ||    36
       Giant spiked club |       |     2 |    19 |   141 ||   162
Throw: Large rock        |     8 |    12 |    16 |    15 ||    51
       Throwing net      |     2 |     1 |     1 |       ||     4
Invok: Heroism           |       |       |     1 |     1 ||     2
Evoke: Wand              |       |       |       |     3 ||     3
  Use: Scroll            |       |       |     1 |     5 ||     6
       Potion            |       |       |       |     3 ||     3
 Stab: Confused          |       |       |     1 |       ||     1
       Sleeping          |       |       |       |     1 ||     1
  Eat: Meat ration       |       |       |       |     1 ||     1
       Bread ration      |       |       |       |     1 ||     1
       Pizza             |       |       |       |     1 ||     1
